[Event "December 5 Late 2023"]
[Site "https://www.chess.com"]
[Date "2023.12.05"]
[Round "2"]
[White "Budisavljevic, Luka"]
[Black "Reprintsev, Alexander"]
[Result "1-0"]
[Board "60"]
[TimeControl "180+1"]
[WhiteFideId "960047"]
[BlackFideId "14100541"]
[WhiteElo "2780"]
[BlackElo "2510"]
[WhiteTeam "SRB"]
[BlackTeam "UKR"]
[WhiteClock "0:01:10"]
[BlackClock "0:00:29"]

1. d4 d5 2. Nf3 Nc6 3. c4 e5 4. dxe5 d4 5. a3 g6 6. Bg5 Qd7 7. Nbd2 h6 8. Bf6 Nxf6 9. exf6 Qe6 10. Nb3 Qxf6 11. Nbxd4 Bg7 12. e3 Bg4 13. Be2 Nxd4 14. Qxd4 Qxd4 15. Nxd4 Bxe2 16. Kxe2 O-O-O 17. Rad1 c5 18. Nb5 Bxb2 19. Nxa7+ Kb8 20. Nb5 f5 21. h3 Rhe8 22. g4 f4 23. Rxd8+ Rxd8 24. exf4 b6 25. Rd1 Re8+ 26. Kf3 Re7 27. Rd6 Kb7 28. Rxg6 h5 29. gxh5 Ka6 30. h6 Ka5 31. f5 Rf7 32. Kg4 Ka4 33. Rxb6 Bf6 34. Kh5 Rf8 35. h7 Kb3 36. Rxf6 1-0

[Event "December 5 Late 2023"]
[Site "https://www.chess.com"]
[Date "2023.12.05"]
[Round "2"]
[White "Korchmar, Vasiliy"]
[Black "Pasti, Aron"]
[Result "1-0"]
[Board "61"]
[TimeControl "180+1"]
[WhiteFideId "24131750"]
[BlackFideId "785857"]
[WhiteElo "2772"]
[BlackElo "2505"]
[WhiteTeam "RUS"]
[BlackTeam "HUN"]
[WhiteClock "0:00:01"]
[BlackClock "0:00:00"]

1. e4 e5 2. Nf3 Nc6 3. Nc3 Nf6 4. Bb5 Nd4 5. O-O Nxb5 6. Nxb5 d6 7. d4 a6 8. Nc3 exd4 9. Qxd4 Be7 10. h3 O-O 11. Bf4 b5 12. Rad1 Bb7 13. Rfe1 Nd7 14. Nd5 Re8 15. e5 dxe5 16. Nxe5 Bd6 17. Nxd7 Qxd7 18. Nxc7 Rxe1+ 19. Rxe1 Qc6 20. Nd5 Rd8 21. b3 Bf8 22. c4 bxc4 23. bxc4 h6 24. Be5 Rd7 25. Bg3 Bc5 26. Qe4 Bf8 27. Qe5 Qxc4 28. Ne3 Qc6 29. Qf5 g6 30. Qg4 Bg7 31. Rd1 Re7 32. Qe2 Re8 33. Qf1 Qe4 34. Re1 Bc3 35. Re2 Qd3 36. Rc2 Bd4 37. Qxd3 1-0

[Event "December 5 Late 2023"]
[Site "https://www.chess.com"]
[Date "2023.12.05"]
[Round "2"]
[White "Mazurkiewicz, Michal"]
[Black "Urazayev, Arystanbek"]
[Result "0-1"]
[Board "62"]
[TimeControl "180+1"]
[WhiteFideId "1124943"]
[BlackFideId "13709810"]
[WhiteElo "2503"]
[BlackElo "2760"]
[WhiteTeam "POL"]
[BlackTeam "KAZ"]
[WhiteClock "0:00:00"]
[BlackClock "0:00:56"]

1. e4 c6 2. d3 d5 3. Nd2 e5 4. Ngf3 Bd6 5. d4 exd4 6. exd5 Nf6 7. dxc6 Nxc6 8. Nb3 Bb4+ 9. Bd2 Bxd2+ 10. Qxd2 Ne4 11. Qf4 Qe7 12. O-O-O g5 13. Nxg5 Qxg5 14. Qxg5 Nxg5 15. Bb5 Bd7 16. Nxd4 Nxd4 17. Bxd7+ Kxd7 18. Rxd4+ Ke7 19. Re1+ Ne6 20. f4 Kf6 21. Rd7 Rab8 22. f5 Kxf5 23. Rxf7+ Kg6 24. Re7 Ng7 25. R1e4 h5 26. g4 h4 27. Rd4 Rhe8 28. Rd6+ Kh7 29. Rxe8 Rxe8 30. Rd7 Re2 31. h3 Re3 32. Rxb7 Rxh3 33. Rxa7 Rg3 34. g5 h3 35. Ra5 h2 0-1

[Event "December 5 Late 2023"]
[Site "https://www.chess.com"]
[Date "2023.12.05"]
[Round "2"]
[White "Kosteniuk, Alexandra"]
[Black "Makaraci, Tunahan"]
[Result "1/2-1/2"]
[Board "63"]
[TimeControl "180+1"]
[WhiteFideId "4128125"]
[BlackFideId "6356559"]
[WhiteElo "2754"]
[BlackElo "2497"]
[WhiteTeam "SUI"]
[BlackTeam "TUR"]
[WhiteClock "0:00:26"]
[BlackClock "0:00:04"]

1. Nf3 Nf6 2. g3 d5 3. c4 e6 4. Bg2 c5 5. O-O Nc6 6. d4 cxd4 7. Nxd4 Bc5 8. Nb3 Bb6 9. cxd5 exd5 10. Bg5 d4 11. N1d2 h6 12. Bxf6 Qxf6 13. Ne4 Qe7 14. Rc1 O-O 15. Nec5 Re8 16. Re1 h5 17. Nxb7 Bxb7 18. Bxc6 Bxc6 19. Rxc6 h4 20. Qd3 hxg3 21. hxg3 Rad8 22. Rc2 Rd5 23. Kg2 Rh5 24. Qf3 g6 25. Rh1 Rxh1 26. Kxh1 Kg7 27. Kg2 Qe6 28. Rd2 Rh8 29. Kg1 Qe5 30. Nc1 Qa5 31. Rd1 Re8 32. Nd3 Qxa2 33. Kg2 Qe6 34. Nf4 Qf6 35. Rh1 Bc7 36. Nd3 Qe6 37. Rh4 Qxe2 38. Rxd4 Bb6 39. Rf4 f5 40. b4 Qxf3+ 41. Kxf3 Kf6 42. Rc4 Rd8 43. Rc6+ Kg7 44. Ne5 Rd2 45. Rxg6+ Kh7 46. Rxb6 axb6 47. Nc4 Rd3+ 48. Ke2 Rb3 49. Nxb6 Rxb4 50. Nd5 Rd4 51. Nf4 Kh6 52. Kf3 Re4 53. Ng2 Ra4 54. Nf4 Kg5 55. Ne6+ Kf6 56. Nf4 Kg5 57. Ne6+ Kf6 58. Nf4 Kg5 1/2-1/2

[Event "December 5 Late 2023"]
[Site "https://www.chess.com"]
[Date "2023.12.05"]
[Round "2"]
[White "Dobre, Claudiu-Cristian"]
[Black "Adewumi, Tanitoluwa"]
[Result "1-0"]
[Board "64"]
[TimeControl "180+1"]
[WhiteFideId "1211854"]
[BlackFideId "30966396"]
[WhiteElo "2489"]
[BlackElo "2751"]
[WhiteTeam "ROU"]
[BlackTeam "USA"]
[WhiteClock "0:01:09"]
[BlackClock "0:00:16"]

1. d4 Nf6 2. Nf3 e6 3. Bg5 h6 4. Bh4 c5 5. c3 Nc6 6. e3 d5 7. Nbd2 Be7 8. Bd3 O-O 9. O-O Re8 10. Ne5 Qc7 11. Bxf6 Bxf6 12. f4 Bd8 13. Qh5 Kf8 14. g4 cxd4 15. exd4 f6 16. Ng6+ Kg8 17. h4 Qf7 18. g5 f5 19. gxh6 Ne7 20. h7# 1-0

[Event "December 5 Late 2023"]
[Site "https://www.chess.com"]
[Date "2023.12.05"]
[Round "2"]
[White "Jarmula, Lukasz"]
[Black "Senft, Sean"]
[Result "1-0"]
[Board "65"]
[TimeControl "180+1"]
[WhiteFideId "1160664"]
[BlackFideId "2044960"]
[WhiteElo "2742"]
[BlackElo "2488"]
[WhiteTeam "POL"]
[BlackTeam "USA"]
[WhiteClock "0:00:17"]
[BlackClock "0:00:04"]

1. e4 c5 2. Nf3 d6 3. d4 cxd4 4. Nxd4 Nf6 5. Nc3 a6 6. f3 e5 7. Nb3 Be6 8. Be3 Be7 9. Qd2 O-O 10. O-O-O Nbd7 11. g4 b5 12. g5 b4 13. Ne2 Nh5 14. Qxb4 Bxg5 15. Bxg5 Qxg5+ 16. Kb1 a5 17. Qxd6 a4 18. Nc5 Nxc5 19. Qxc5 Rfc8 20. Qa3 Rab8 21. Nc3 Qe3 22. Bd3 Nf4 23. Rhf1 h6 24. Nd5 Bxd5 25. exd5 Nxd5 26. Ka1 Qb6 27. Rc1 Nb4 28. Be4 Rc7 29. c3 Na6 30. Rfd1 Nc5 31. Bd5 Ra7 32. Kb1 Nb3 33. axb3 axb3 34. Qxb3 Qc7 35. Bxf7+ Kf8 36. Qc4 Qxf7 37. Qxf7+ Kxf7 38. Rd5 Kf6 39. Re1 Rab7 40. Re2 Re8 41. b4 g5 42. b5 Kf5 43. c4 Kf4 44. Re4+ Kxf3 45. Rexe5 Ra8 46. Re6 Rba7 47. Kc2 Ra3 48. Rd3+ Rxd3 49. Kxd3 Kg2 50. b6 Kxh2 51. c5 g4 52. b7 Rb8 53. c6 g3 54. c7 Rxb7 55. c8=Q Rg7 56. Rxh6+ 1-0

[Event "December 5 Late 2023"]
[Site "https://www.chess.com"]
[Date "2023.12.05"]
[Round "2"]
[White "Wanyama, Harold"]
[Black "Arjun Kalyan"]
[Result "0-1"]
[Board "66"]
[TimeControl "180+1"]
[WhiteFideId "10000380"]
[BlackFideId "35018701"]
[WhiteElo "2460"]
[BlackElo "2741"]
[WhiteTeam "UGA"]
[BlackTeam "IND"]
[WhiteClock "0:01:07"]
[BlackClock "0:01:02"]

1. d4 Nf6 2. c4 g6 3. Nc3 Bg7 4. e4 d6 5. f3 O-O 6. Nge2 Nbd7 7. Be3 c6 8. Qd2 a6 9. Nc1 b5 10. Be2 Bb7 11. O-O bxc4 12. Bxc4 d5 13. Be2 e5 14. exd5 Nxd5 15. Nxd5 cxd5 16. Nb3 Re8 17. Bf2 e4 18. Rfe1 Nb6 19. Nc5 Bc6 20. Rac1 Bb5 21. b3 Bxe2 22. Qxe2 Nd7 23. Nxa6 e3 24. Bg3 Bxd4 25. Nc7 Ba7 26. Nxd5 Ne5 27. Red1 h5 28. Nc7 Qe7 29. Nxa8 Rxa8 30. Rc7 Qxc7 0-1

[Event "December 5 Late 2023"]
[Site "https://www.chess.com"]
[Date "2023.12.05"]
[Round "2"]
[White "Lopusiewicz, Piotr"]
[Black "Sattarov, Bobir"]
[Result "0-1"]
[Board "67"]
[TimeControl "180+1"]
[WhiteFideId "1116029"]
[BlackFideId "14203081"]
[WhiteElo "2432"]
[BlackElo "2727"]
[WhiteTeam "POL"]
[BlackTeam "UZB"]
[WhiteClock "0:00:16"]
[BlackClock "0:00:28"]

1. d4 Nf6 2. c4 c5 3. d5 g6 4. Nc3 Bg7 5. e4 d6 6. Nf3 O-O 7. Be2 e6 8. O-O exd5 9. exd5 Bg4 10. h3 Bxf3 11. Bxf3 Nbd7 12. Qc2 a6 13. a4 Re8 14. Bd2 Qc7 15. g3 Ne5 16. Be2 Re7 17. Rae1 Rae8 18. Kg2 Qb6 19. f4 Ned7 20. Bd3 Qd8 21. Rxe7 Rxe7 22. g4 Ne8 23. Ne4 Ndf6 24. Ng3 Nc7 25. g5 Nd7 26. f5 Be5 27. f6 Re8 28. Ne4 b5 29. axb5 axb5 30. b3 Qa8 31. Bc3 Bxc3 32. Qxc3 b4 33. Qd2 Qa6 34. Qf2 Nxd5 35. Rd1 Nc3 36. Nxc3 bxc3 37. Qh4 Qa2+ 38. Kg3 h5 39. gxh6 Kh7 40. Qg4 Re3+ 41. Kf4 Qf2+ 42. Kg5 Qxf6# 0-1

[Event "December 5 Late 2023"]
[Site "https://www.chess.com"]
[Date "2023.12.05"]
[Round "2"]
[White "Schmakel, Sam"]
[Black "Arnold, Ken"]
[Result "1/2-1/2"]
[Board "68"]
[TimeControl "180+1"]
[WhiteFideId "2039311"]
[BlackFideId "2056836"]
[WhiteElo "2724"]
[BlackElo "2428"]
[WhiteTeam "USA"]
[BlackTeam "USA"]
[WhiteClock "0:00:11"]
[BlackClock "0:00:14"]

1. c4 Nf6 2. Nc3 e5 3. Nf3 Nc6 4. d3 d5 5. cxd5 Nxd5 6. Bd2 Bb4 7. g3 O-O 8. Bg2 Bg4 9. O-O Nf6 10. Rc1 Qd7 11. Bg5 Be7 12. Bxf6 Bxf6 13. Ne4 Be7 14. Nc5 Bxc5 15. Rxc5 Rfe8 16. Qc1 Rac8 17. Qc3 Bxf3 18. Bxf3 Nd4 19. Kg2 Nxf3 20. Kxf3 f5 21. Kg2 b6 22. Rxe5 Rxe5 23. Qxe5 Re8 24. Qf4 Rxe2 25. Rc1 c5 26. b4 Qd5+ 27. Kh3 Re6 28. g4 fxg4+ 29. Kg3 Rf6 30. Qe4 Qh5 31. Kg2 Qh3+ 32. Kg1 Qf3 33. bxc5 Qxe4 34. dxe4 Rc6 35. Rd1 bxc5 36. Kf1 Kf7 37. Rd7+ Ke6 38. Rxg7 Ke5 39. Ke2 Kxe4 40. Rxg4+ Kd5 41. Ra4 a6 42. Rh4 h6 43. Kd3 c4+ 44. Kc3 Rf6 45. f4 Ke4 46. Kxc4 Rxf4 47. Rxh6 Kf3+ 48. Kb3 a5 49. a4 Rb4+ 50. Ka3 Ke3 51. Rh5 Kd3 52. Rxa5 Rh4 53. Rc5 Kd4 54. Rc1 Rxh2 55. a5 Kd5 56. Ka4 Ra2+ 57. Kb5 Rb2+ 58. Ka6 Kd6 59. Ka7 Kd7 60. a6 Rb3 61. Ka8 Rb4 62. a7 Rb3 63. Rh1 Kc7 64. Rh7+ Kc8 65. Rh8+ Kc7 66. Rb8 Rc3 67. Rf8 Rb3 68. Rf7+ Kc8 69. Rf1 Kc7 70. Rc1+ Kd7 71. Rc4 Kd8 72. Rd4+ Kc7 73. Rg4 Rb2 74. Rg8 Rb3 75. Rf8 Rb2 76. Rb8 Rc2 77. Rb7+ Kc8 78. Rb4 Rc1 79. Rf4 Rb1 80. Rf8+ Kc7 81. Rb8 Rc1 82. Rg8 Rb1 83. Rb8 Rc1 84. Rg8 Rb1 85. Rb8 1/2-1/2

[Event "December 5 Late 2023"]
[Site "https://www.chess.com"]
[Date "2023.12.05"]
[Round "2"]
[White "Bogaudinov, Rushan"]
[Black "Schnaider, Ilan"]
[Result "1-0"]
[Board "69"]
[TimeControl "180+1"]
[WhiteFideId "4129288"]
[BlackFideId "169013"]
[WhiteElo "2426"]
[BlackElo "2723"]
[WhiteTeam "RUS"]
[BlackTeam "ARG"]
[WhiteClock "0:00:28"]
[BlackClock "0:00:07"]

1. d4 Nf6 2. Nf3 e6 3. e3 d5 4. Be2 c5 5. O-O Nc6 6. a3 Be7 7. dxc5 Bxc5 8. b4 Be7 9. Bb2 O-O 10. Nbd2 b6 11. c4 Bb7 12. cxd5 Nxd5 13. Rc1 Rc8 14. Qb3 Bf6 15. Ne4 Qe7 16. Nxf6+ Nxf6 17. Rfd1 Rfd8 18. Rxd8+ Rxd8 19. h3 h6 20. Qc4 e5 21. b5 Na5 22. Qc7 Qxc7 23. Rxc7 e4 24. Bxf6 gxf6 25. Nd4 Rd5 26. Bg4 Rc5 27. Rd7 Rd5 28. Nc6 Rxd7 29. Bxd7 a6 30. Nd4 Kf8 31. g4 axb5 32. Bxb5 Bc8 33. Kg2 Ke7 34. Kg3 Kd6 35. Kf4 Kd5 36. Be8 Be6 37. Bb5 Bc8 38. Bf1 Nc4 39. Bxc4+ Kxc4 40. Kxe4 Bd7 41. Kf4 Kc3 42. h4 Kb2 43. a4 Bxa4 44. Nf5 b5 45. Nxh6 b4 46. Nf5 Kc3 47. Nd4 b3 48. Nxb3 Bxb3 49. h5 Bc2 50. e4 Kd4 51. f3 f5 52. exf5 f6 53. h6 Bxf5 54. Kxf5 Ke3 55. f4 Kf3 56. h7 Kg3 57. h8=Q Kg2 58. Qxf6 Kh3 59. g5 Kh4 60. g6+ Kh5 61. Qg5# 1-0

[Event "December 5 Late 2023"]
[Site "https://www.chess.com"]
[Date "2023.12.05"]
[Round "2"]
[White "Wu, Sibo"]
[Black "Vazquez, Facundo"]
[Result "0-1"]
[Board "70"]
[TimeControl "180+1"]
[WhiteFideId "8606048"]
[BlackFideId "3007669"]
[WhiteElo "2411"]
[BlackElo "2716"]
[WhiteTeam "CHN"]
[BlackTeam "URU"]
[WhiteClock "0:00:22"]
[BlackClock "0:02:01"]

1. d4 Nf6 2. Bf4 g6 3. Nc3 d5 4. e3 c6 5. h4 h5 6. Nf3 Bg4 7. Qd2 Nbd7 8. Ne5 Nxe5 9. Bxe5 Bg7 10. Bd3 b5 11. f3 Be6 12. O-O-O Qa5 13. Kb1 b4 14. Ne2 c5 15. dxc5 d4 16. a3 Nd5 17. Bxg7 Nc3+ 18. Nxc3 bxc3 19. Qc1 Rb8 20. Bxd4 Qxa3 21. b3 Rxb3+ 22. cxb3 Qxb3+ 23. Ka1 Qa2# 0-1

[Event "December 5 Late 2023"]
[Site "https://www.chess.com"]
[Date "2023.12.05"]
[Round "2"]
[White "Wafa, Hamed"]
[Black "Dmitrenko, Viktor"]
[Result "0-1"]
[Board "71"]
[TimeControl "180+1"]
[WhiteFideId "10628452"]
[BlackFideId "14110270"]
[WhiteElo "2715"]
[BlackElo "2402"]
[WhiteTeam "EGY"]
[BlackTeam "UKR"]
[WhiteClock "0:00:41"]
[BlackClock "0:00:07"]

1. e4 e6 2. d4 d5 3. e5 c5 4. c3 Bd7 5. Nf3 Nc6 6. Be2 Rc8 7. O-O Qb6 8. Na3 a6 9. Nc2 cxd4 10. cxd4 Nge7 11. Bd3 Nf5 12. g4 Nfe7 13. b4 Ng6 14. Rb1 Na7 15. a4 Bxa4 16. h4 Nb5 17. Qd2 Nc3 18. Ra1 Bb5 19. h5 Nf4 20. Bxb5+ Qxb5 21. Ra3 Nce2+ 22. Kh2 Be7 23. Re3 O-O 24. Re1 Nxc1 25. Rxc1 Bxb4 26. Nxb4 Rxc1 27. Qxc1 Qxb4 28. Rc3 Ne2 29. Qg5 h6 30. Qd2 Nxc3 31. g5 Kh7 32. gxh6 gxh6 33. Qd3+ Ne4 34. Qe3 Qc3 35. Qf4 Qc2 36. Nh4 Qxf2+ 0-1

[Event "December 5 Late 2023"]
[Site "https://www.chess.com"]
[Date "2023.12.05"]
[Round "2"]
[White "Haszon, David"]
[Black "Djokic, Mihailo"]
[Result "0-1"]
[Board "72"]
[TimeControl "180+1"]
[WhiteFideId "733610"]
[BlackFideId "976440"]
[WhiteElo "2400"]
[BlackElo "2715"]
[WhiteTeam "HUN"]
[BlackTeam "SRB"]
[WhiteClock "0:00:19"]
[BlackClock "0:01:03"]

1. d4 Nf6 2. Bf4 g6 3. Nc3 d5 4. Qd2 Bg7 5. h4 h5 6. Nf3 O-O 7. Bh6 Ne4 8. Nxe4 dxe4 9. Bxg7 Kxg7 10. Ng5 Bf5 11. O-O-O Qd5 12. Kb1 Rd8 13. e3 b5 14. f3 a6 15. fxe4 Bxe4 16. Nxe4 Qxe4 17. Bd3 Qe6 18. g4 Rh8 19. Qc3 Nd7 20. gxh5 Rxh5 21. Qxc7 Nf6 22. e4 Rc8 23. Qf4 Qg4 24. Qe3 Rxh4 25. Rdg1 Rxh1 26. Rxh1 Rh8 27. Rf1 Rh3 28. Qf2 Qe6 29. a3 Ng4 30. Qg1 Ne3 31. Re1 Nc4 32. e5 Nd2+ 33. Ka1 Nf3 34. Qf1 Nxe1 35. Qxe1 Qd5 36. Qc3 Rh1+ 0-1

[Event "December 5 Late 2023"]
[Site "https://www.chess.com"]
[Date "2023.12.05"]
[Round "2"]
[White "Marcziter, Dmitrii"]
[Black "Khruschiov, Alexey"]
[Result "0-1"]
[Board "73"]
[TimeControl "180+1"]
[WhiteFideId "13900765"]
[BlackFideId "13900544"]
[WhiteElo "2388"]
[BlackElo "2715"]
[WhiteTeam "GER"]
[BlackTeam "MDA"]
[WhiteClock "0:01:25"]
[BlackClock "0:01:50"]

1. d4 g6 2. c4 Bg7 3. Nf3 Nf6 4. g3 O-O 5. Bg2 d6 6. O-O Nc6 7. Nc3 e5 8. dxe5 dxe5 9. Qxd8 Rxd8 10. Bg5 Be6 11. Nd2 h6 12. Bxf6 Rxd2 13. Bxg7 Kxg7 14. b3 f5 15. Bxc6 bxc6 16. Rfd1 Rd6 17. c5 Rxd1+ 18. Rxd1 g5 19. e4 f4 20. f3 h5 21. Kg2 Kf6 22. Na4 g4 23. gxf4 exf4 24. Nc3 Ke5 25. Ne2 Rg8 26. Nd4 Bd7 27. Kf2 g3+ 28. hxg3 fxg3+ 29. Ke3 h4 30. f4+ Kf6 31. e5+ Ke7 32. f5 h3 33. Kf3 g2 34. e6 g1=Q 35. Rxg1 Rxg1 36. f6+ Kxf6 37. exd7 Ke7 38. Nxc6+ Kxd7 39. Ne5+ Ke6 40. Ng4 Rxg4 41. Kxg4 h2 0-1

[Event "December 5 Late 2023"]
[Site "https://www.chess.com"]
[Date "2023.12.05"]
[Round "2"]
[White "Zakarian, David"]
[Black "Bolourchifard, Farzad"]
[Result "0-1"]
[Board "74"]
[TimeControl "180+1"]
[WhiteFideId "13301276"]
[BlackFideId "12510084"]
[WhiteElo "2385"]
[BlackElo "2712"]
[WhiteTeam "ARM"]
[BlackTeam "IRI"]
[WhiteClock "0:00:03"]
[BlackClock "0:00:19"]

1. d4 Nf6 2. c4 e6 3. Nf3 d5 4. cxd5 exd5 5. Nc3 c6 6. Bg5 Bf5 7. Qb3 Qb6 8. Qxb6 axb6 9. Bxf6 gxf6 10. e3 Nd7 11. Nh4 Bg6 12. Kd2 b5 13. Bd3 Nb6 14. b3 Bb4 15. Rhc1 Kd7 16. Nf5 Ra7 17. Rc2 Rha8 18. g4 Nc8 19. h4 Nd6 20. Nxd6 Kxd6 21. h5 Bxd3 22. Kxd3 Ra3 23. Rb2 Rg8 24. f3 f5 25. Rg1 fxg4 26. Rxg4 Raa8 27. Rbg2 Rxg4 28. Rxg4 Bxc3 29. Kxc3 Rxa2 30. Rg7 Ke6 31. Rxh7 Re2 32. Kd3 Rf2 33. f4 b4 34. Rh6+ Ke7 35. Rh8 Rb2 36. h6 Rxb3+ 37. Kd2 Rb2+ 38. Kd3 Rh2 39. h7 b5 40. Rc8 Rxh7 41. Rxc6 Rh2 42. Rb6 b3 43. Rxb5 b2 44. Kc3 Ke6 45. f5+ Kf6 46. Rxb2 Rxb2 47. Kxb2 Kxf5 48. Kc3 Ke4 49. Kd2 Kf3 50. Kd3 f5 51. Kd2 Kf2 52. Kd3 Ke1 53. Kc3 Ke2 54. Kb4 Kxe3 55. Kc5 Ke4 56. Kd6 Kxd4 0-1

[Event "December 5 Late 2023"]
[Site "https://www.chess.com"]
[Date "2023.12.05"]
[Round "2"]
[White "Rosen, Eric"]
[Black "Alvarado, Carlos"]
[Result "1-0"]
[Board "75"]
[TimeControl "180+1"]
[WhiteFideId "2032562"]
[BlackFideId "3800555"]
[WhiteElo "2711"]
[BlackElo "2382"]
[WhiteTeam "USA"]
[BlackTeam "PER"]
[WhiteClock "0:00:07"]
[BlackClock "0:00:00"]

1. e4 c6 2. d4 d5 3. Nc3 dxe4 4. Nxe4 Nf6 5. Nxf6+ exf6 6. Be3 Bd6 7. Bd3 Na6 8. a3 O-O 9. Ne2 Re8 10. O-O Nc7 11. c4 Bg4 12. Qd2 a5 13. Ng3 a4 14. Rae1 b5 15. Qc2 g6 16. Ne4 Bf8 17. Nc5 bxc4 18. Qxc4 Qd5 19. Qc2 Bxc5 20. dxc5 Rab8 21. h3 Be6 22. Be4 Qb3 23. Qxb3 Rxb3 24. Bxc6 Rc8 25. Bxa4 Rxb2 26. Bd4 Ra2 27. Ra1 Rxa1 28. Rxa1 Nd5 29. Bb3 Kg7 30. a4 Nf4 31. Bxe6 Nxe6 32. Be3 f5 33. f4 f6 34. a5 g5 35. a6 Nd8 36. Rb1 Kg6 37. Rb6 gxf4 38. Bd4 Nc6 39. Bc3 f3 40. gxf3 f4 41. Kf2 Kf5 42. h4 Ke6 43. a7 Kd5 44. Bxf6 Nxa7 45. Rb7 Nc6 46. Rxh7 Kxc5 47. Bg5 Ra8 48. Bxf4 Ra2+ 49. Kg3 Nd4 50. Be3 Ra3 51. Bxd4+ Kxd4 52. Re7 Kd5 53. Kg4 Kd6 54. Re1 Ra1 55. Rxa1 1-0

[Event "December 5 Late 2023"]
[Site "https://www.chess.com"]
[Date "2023.12.05"]
[Round "2"]
[White "Zeltsan, Joseph"]
[Black "Akhayan, Ruben"]
[Result "1-0"]
[Board "76"]
[TimeControl "180+1"]
[WhiteFideId "30932980"]
[BlackFideId "204439"]
[WhiteElo "2709"]
[BlackElo "2379"]
[WhiteTeam "USA"]
[BlackTeam "BEL"]
[WhiteClock "0:00:33"]
[BlackClock "0:00:38"]

1. c4 Nf6 2. Nf3 g6 3. g3 Bg7 4. Bg2 c6 5. O-O d5 6. cxd5 cxd5 7. d4 O-O 8. Nc3 e6 9. Bf4 Nc6 10. Rc1 Ne4 11. h4 Qb6 12. Na4 Qa5 13. a3 Bd7 14. b4 Nxb4 15. Nc5 Nxc5 16. axb4 Qxb4 17. Rxc5 Ba4 18. Qd3 b6 19. Rc7 Bb5 20. Qe3 Rfc8 21. Rfc1 Bc4 22. Rxf7 Re8 23. Rxg7+ Kxg7 24. h5 Qe7 25. Ne5 Rac8 26. Bg5 Qf8 27. Bh6+ 1-0

[Event "December 5 Late 2023"]
[Site "https://www.chess.com"]
[Date "2023.12.05"]
[Round "2"]
[White "Semenenko, Dmytry"]
[Black "Annaberdiyev, Meylis"]
[Result "1-0"]
[Board "77"]
[TimeControl "180+1"]
[WhiteFideId "14118645"]
[BlackFideId "14000563"]
[WhiteElo "2375"]
[BlackElo "2707"]
[WhiteTeam "UKR"]
[BlackTeam "TKM"]
[WhiteClock "0:00:05"]
[BlackClock "0:00:00"]

1. Nf3 Nf6 2. c4 e6 3. d4 d5 4. Nc3 Nbd7 5. Bf4 Bb4 6. e3 c5 7. a3 Bxc3+ 8. bxc3 Qa5 9. Qc2 cxd4 10. exd4 O-O 11. Bd3 dxc4 12. Bxc4 b6 13. O-O Bb7 14. Ne5 Rac8 15. Qb3 Bd5 16. Bxd5 Qxd5 17. Qxd5 exd5 18. Rfc1 Nxe5 19. Bxe5 Nd7 20. Bf4 Rfe8 21. Be3 Rc4 22. a4 Rec8 23. a5 b5 24. Bd2 a6 25. Re1 Kf8 26. Re2 Re8 27. Rae1 Rxe2 28. Rxe2 Rc6 29. f3 Re6 30. Rxe6 fxe6 31. Kf2 Nb8 32. Bf4 Nc6 33. Bc7 Ke7 34. Ke3 Kd7 35. Bb6 Ke7 36. Kf4 Kf6 37. h4 h5 38. g4 g6 39. Bc7 Kf7 40. Kg5 b4 41. cxb4 Nxd4 42. gxh5 gxh5 43. Kxh5 Nb5 44. Be5 d4 45. Kg4 d3 46. Bf4 e5 47. Be3 Nd4 48. h5 Nb3 49. Kf5 d2 50. Bxd2 Nxd2 51. b5 axb5 52. a6 Nc4 53. a7 Nb6 54. Kxe5 b4 55. Kd4 Kf6 56. f4 Kf5 57. Kc5 1-0

[Event "December 5 Late 2023"]
[Site "https://www.chess.com"]
[Date "2023.12.05"]
[Round "2"]
[White "Diaz, Fernando"]
[Black "Kanakaris, Georgios"]
[Result "1-0"]
[Board "78"]
[TimeControl "180+1"]
[WhiteFideId "3701255"]
[BlackFideId "4209460"]
[WhiteElo "2350"]
[BlackElo "2693"]
[WhiteTeam "PAR"]
[BlackTeam "GRE"]
[WhiteClock "0:00:13"]
[BlackClock "0:00:14"]

1. e4 e6 2. d4 d5 3. Nc3 Bb4 4. e5 b6 5. a3 Bxc3+ 6. bxc3 Qd7 7. c4 dxc4 8. Bxc4 Bb7 9. Nf3 Ne7 10. c3 c5 11. O-O cxd4 12. cxd4 O-O 13. Bd3 h6 14. a4 Nbc6 15. Be3 Nb4 16. Bb1 Ned5 17. Qd2 Nxe3 18. fxe3 a5 19. Ne1 Ba6 20. Rf3 Rac8 21. Rg3 f5 22. exf6 Rxf6 23. Nf3 Qc6 24. h4 Qc1+ 25. Kh2 Qxd2 26. Nxd2 Kf8 27. Be4 Nd5 28. Rb1 Rc3 29. Nf3 Rxe3 30. Bxd5 exd5 31. Ne5 Rxg3 32. Kxg3 Ke7 33. Rc1 Kd8 34. Nc6+ Ke8 35. Ne5 Kd8 36. Nc6+ Ke8 37. Ne5 g5 38. hxg5 hxg5 39. Kg4 b5 40. axb5 Bxb5 41. Kxg5 Rf2 42. g4 a4 43. Rc5 Bd7 44. Ra5 Ra2 45. Rxd5 Be6 46. Ra5 a3 47. Kf6 Bxg4 48. Ra8+ Bc8 49. Rxc8# 1-0

[Event "December 5 Late 2023"]
[Site "https://www.chess.com"]
[Date "2023.12.05"]
[Round "2"]
[White "Adamczyk, Zuzanna"]
[Black "Amburgy, Ryan"]
[Result "1-0"]
[Board "79"]
[TimeControl "180+1"]
[WhiteFideId "1187570"]
[BlackFideId "30924820"]
[WhiteElo "2335"]
[BlackElo "2683"]
[WhiteTeam "POL"]
[BlackTeam "USA"]
[WhiteClock "0:00:36"]
[BlackClock "0:00:08"]

1. d4 Nf6 2. Nf3 d5 3. g3 g6 4. Bg2 Bg7 5. O-O O-O 6. c4 c6 7. Nc3 dxc4 8. a4 Nd5 9. e4 Nb4 10. h3 N8a6 11. Be3 Nd3 12. b3 e5 13. d5 cxd5 14. Nxd5 Ndc5 15. bxc4 Nxe4 16. Nxe5 Bxe5 17. Bxe4 Bxh3 18. Bd4 Qd6 19. Re1 Bxd4 20. Qxd4 Rfd8 21. Qb2 Nc5 22. Nf6+ Kh8 23. Rad1 Qb6 24. Qa1 Nb3 25. Qc3 Nd4 26. Nd5 Qc5 27. Rxd4 Kg8 28. Nf6+ Kf8 29. Rxd8+ Rxd8 30. Nxh7+ Kg8 31. Nf6+ Kf8 32. Bd5 Bf5 33. Nd7+ 1-0

[Event "December 5 Late 2023"]
[Site "https://www.chess.com"]
[Date "2023.12.05"]
[Round "2"]
[White "Copeland, Samuel"]
[Black "Riff, Vincent"]
[Result "0-1"]
[Board "80"]
[TimeControl "180+1"]
[WhiteFideId "2007347"]
[BlackFideId "617776"]
[WhiteElo "2321"]
[BlackElo "2677"]
[WhiteTeam "USA"]
[BlackTeam "FRA"]
[WhiteClock "0:01:39"]
[BlackClock "0:01:30"]

1. e4 c5 2. Nf3 Nc6 3. d4 cxd4 4. Nxd4 e5 5. Nb5 d6 6. N1c3 a6 7. Na3 b5 8. Nd5 Nge7 9. c4 Nd4 10. Nc2 Nxd5 11. Nxd4 Nf6 12. Nc6 Qc7 13. cxb5 axb5 14. Bxb5 Bd7 15. Bd2 Nxe4 16. Rc1 Nc5 17. b4 Bxc6 18. Bxc6+ Qxc6 19. bxc5 Qxg2 20. Rf1 Qe4+ 21. Qe2 Qxe2+ 22. Kxe2 dxc5 23. Be3 Rxa2+ 24. Kf3 f6 25. Rfd1 Ra3 26. Ke4 Be7 27. Bxc5 Bxc5 28. Rxc5 O-O 29. Rc7 Ra4+ 30. Kf5 Rf4+ 31. Ke6 Rd4 32. Rg1 Re8+ 0-1

[Event "December 5 Late 2023"]
[Site "https://www.chess.com"]
[Date "2023.12.05"]
[Round "2"]
[White "Vlassov, Nikolai"]
[Black "Paragua, Megan Althea"]
[Result "1/2-1/2"]
[Board "81"]
[TimeControl "180+1"]
[WhiteFideId "4103360"]
[BlackFideId "30973007"]
[WhiteElo "2666"]
[BlackElo "2274"]
[WhiteTeam "FID"]
[BlackTeam "USA"]
[WhiteClock "0:00:10"]
[BlackClock "0:00:06"]

1. e4 c5 2. c3 Nf6 3. e5 Nd5 4. d4 cxd4 5. cxd4 d6 6. Bc4 Nb6 7. Bb3 dxe5 8. Qh5 e6 9. dxe5 Nc6 10. Nc3 g6 11. Qg5 Qxg5 12. Bxg5 Bg7 13. f4 h6 14. Bf6 Bxf6 15. exf6 Nd7 16. Ne4 O-O 17. Nf3 b6 18. O-O-O Na5 19. Ba4 Bb7 20. Rxd7 Bxe4 21. Ne5 Bxg2 22. Rg1 Be4 23. h4 h5 24. Re1 Bf5 25. b4 Rac8+ 26. Kb2 Nc4+ 27. Ka1 Nxe5 28. fxe5 Rc4 29. a3 a5 30. Bb3 Rxh4 31. bxa5 Rh3 32. Kb2 bxa5 33. Rc1 Rb8 34. Rc3 Rh2+ 35. Kc1 a4 36. Bc2 Rxc2+ 37. Rxc2 Bxc2 38. Kxc2 h4 39. Rd4 g5 40. Rg4 Kh7 41. Rxg5 Kh6 42. Rg4 Kh5 43. Rg7 Rb7 44. Kd3 h3 45. Ke4 h2 46. Rh7+ Kg6 47. Rxh2 Rb3 48. Rg2+ Kh6 49. Rg7 Rb7 50. Kf4 Rc7 51. Ke4 Rb7 52. Kd4 Rc7 53. Rg8 Kh7 54. Rf8 Rb7 55. Ra8 Kg6 56. Rxa4 Kf5 57. Ra8 Rd7+ 58. Kc4 Kxe5 59. a4 Kxf6 60. a5 Ke5 61. a6 f5 62. Kc5 f4 63. Rf8 Ke4 64. Kc6 Rh7 65. Kb6 e5 66. a7 Rxa7 67. Kxa7 Ke3 68. Kb6 f3 69. Kc5 f2 70. Kd5 Ke2 71. Kxe5 f1=Q 72. Rxf1 Kxf1 1/2-1/2